 Dungeon Crawl Stone Soup version 0.19.4 (console) character file.

12598 Kloppie the Cleaver (level 11, -1/94 HPs)
             Began as a Minotaur Fighter on Feb 4, 2017.
             Was a Priest of Kikubaaqudgha.
             Slain by flsc's ghost (2 damage)
             ... on level 2 of the Lair of Beasts.
             The game lasted 00:17:02 (9739 turns).

Kloppie the Cleaver (Minotaur Fighter)              Turns: 9739, Time: 00:17:02

Health: -1/94      AC: 10    Str: 30    XL:     11   Next: 64%
Magic:  10/10      EV: 13    Int:  5    God:    Kikubaaqudgha [***...]
Gold:   611        SH: 17    Dex: 14    Spells: 0 memorised, 10 levels left

rFire  + + .     SeeInvis .     a - +1 war axe (drain)
rCold  . . .     Gourm    .     n - +0 scale mail
rNeg   . . .     Faith    .     c - +1 shield
rPois  .         Spirit   .     y - +2 hat "Baeclini" {-Cast +Fly Str+3 Dex+2}
rElec  .         Reflect  +     (no cloak)
rCorr  .         Harm     .     (no gloves)
MR     .....     NoCast   +     (no boots)
Stlth  ..........               E - +3 amulet of reflection
                                q - ring of protection from fire
                                (no ring)

@: mighty, lethally poisoned (-1 -> -22)
A: retaliatory headbutt, horns 2, fire resistance 1
a: Receive Corpses, Renounce Religion, Evoke Flight


You were on level 2 of the Lair of Beasts.
You worshipped Kikubaaqudgha.
Kikubaaqudgha was most pleased with you.
You were not hungry.

You visited 3 branches of the dungeon, and saw 13 of its levels.
You also visited: Labyrinth and Ossuary.

You collected 656 gold pieces.
You spent 45 gold pieces at shops.

Inventory:

Hand Weapons
 a - a +1 war axe of draining (weapon)
 b - a +1 scimitar of flaming
Armour
 c - a +1 shield (worn)
 n - a +0 scale mail (worn)
 y - the +2 hat "Baeclini" (worn) {-Cast +Fly Str+3 Dex+2}
   (You acquired it on level 9 of the Dungeon)

   It affects your strength (+3).
   It affects your dexterity (+2).
   It lets you fly.
   It prevents spellcasting.
Jewellery
 d - an uncursed ring of magical power
 q - a ring of protection from fire (right hand)
 C - an uncursed ring of ice
 E - a +3 amulet of reflection (around neck)
Wands
 h - a wand of enslavement (12/24)
 o - a wand of iceblast (6/15)
 F - a wand of acid (3/15)
Scrolls
 g - a scroll of blinking
 i - 10 scrolls of identify
 j - 2 scrolls of fog
 k - 5 scrolls of teleportation
 l - 3 scrolls of remove curse
 w - a scroll of fear
 x - a scroll of enchant armour
Potions
 D - a potion of agility
Books
 e - a book of Cantrips

   Spells                             Type                      Level
   a - Confusing Touch                Hexes                        1
   b - Animate Skeleton               Necromancy                   1
   c - Summon Small Mammal            Summoning                    1
   d - Apportation                    Translocation                1
 m - Kikubaaqudgha's Reference Book on Evil Magic
   (Kikubaaqudgha gifted it to you on level 10 of the Dungeon)

   Spells                             Type                      Level
   a - Excruciating Wounds            Charms/Necromancy            5
   b - Bolt of Draining               Conjuration/Necromancy       5
   c - Agony                          Necromancy                   5
   d - Cigotuvi's Embrace             Necromancy                   5
   e - Dispel Undead                  Necromancy                   5
 t - a book of Air

   Spells                             Type                      Level
   a - Shock                          Conjuration/Air              1
   b - Swiftness                      Charms/Air                   2
   c - Repel Missiles                 Charms/Air                   2
   d - Static Discharge               Conjuration/Air              3
   e - Lightning Bolt                 Conjuration/Air              5
 u - Kikubaaqudgha's Disquisition on Unholy Rites
   (Kikubaaqudgha gifted it to you on level 8 of the Dungeon)

   Spells                             Type                      Level
   a - Animate Skeleton               Necromancy                   1
   b - Corpse Rot                     Necromancy                   2
   c - Sublimation of Blood           Necromancy                   2
   d - Vampiric Draining              Necromancy                   3
   e - Control Undead                 Necromancy                   4
Comestibles
 f - 12 bread rations
 p - 3 meat rations
 r - 5 fruits
 v - 8 beef jerkies
 z - a royal jelly
 A - a slice of pizza


   Skills:
 - Level 8.3 Fighting
 + Level 14.7 Axes
 - Level 9.5 Armour
 - Level 6.2 Dodging
 - Level 10.2 Shields


You had 10 spell levels left.
You didn't know any spells.

Dungeon Overview and Level Annotations

Branches:
Dungeon (10/15)            Temple (1/1) D:7            Lair (2/6) D:10
  Swamp: Lair:2-4    Shoals: Lair:2-4     Snake: Lair:2-4    Spider: Lair:2-4
    Orc: D:9-12

Altars:
Ashenzari
Cheibriados
Dithmenos
Elyvilon
Fedhas
Gozag
Hepliaklqana
Kikubaaqudgha
Makhleb
Nemelex Xobeh
Okawaru
Qazlal
Ru
Sif Muna
Trog
Uskayaw
Vehumet
Xom
Yredelemnul
Zin
The Shining One

Shops:
D:4 =

Annotations:
D:3 Kloppie's ghost, amateur MiFi
D:5 Minion's ghost, amateur MiFi
Lair:2 flsc's ghost, novice MiFi


Innate Abilities, Weirdness & Mutations

You reflexively headbutt those who attack you in melee.
You have a pair of horns on your head.
Your flesh is heat resistant. (rF+)


Message History

Okay, then.
Okay, then.
You hit flsc's ghost. Your headbutt misses flsc's ghost.
Flsc's ghost is severely damaged.
* * * LOW HITPOINT WARNING * * *
You feel sick.
Press: ? - help, v - describe, . - travel
Here: flsc's ghost, wielding a weapon of venom (severely damaged)
The floor.
You hit flsc's ghost.
You headbutt flsc's ghost, but do no damage.
Flsc's ghost is severely damaged.
* * * LOW HITPOINT WARNING * * *
You feel sick. Flsc's ghost misses you.
You hit flsc's ghost but do no damage.
Flsc's ghost is severely damaged.
* * * LOW HITPOINT WARNING * * *
You feel sick. Flsc's ghost hits you.
You die...
Kikubaaqudgha rasps: "You have failed me!
Welcome... death!"

#.................
#..####.#..P#.....
##...# ########....
#P..## #.....
#P..P# ##....
##..## #P.... #...#
##.... #...# #....
#.@.# # ##....
##W...#.######.....
#.[...............
#.#####.#.........
... ##...<...P ..#
##......## #.#
#......(# ...
##........
#.......#.


You could see flsc's ghost.

Vanquished Creatures
  A minotaur (Lab)
  Erolcha (D:9)
  Erica (D:8)
  2 hill giants (D:10)
  A manticore (D:10)
  A gargoyle (D:10)
  A komodo dragon (D:10)
  A troll (D:9)
  3 two-headed ogres
  2 hippogriffs
  A redback (Lab)
  Sigmund (D:2)
  11 yaks
  A wyvern (D:9)
  3 hungry ghosts
  A steam dragon (D:10)
  2 water moccasins (Lair:1)
  3 porcupines
  3 sky beasts
  3 ice beasts
  3 orc warriors
  An eye of draining (D:9)
  A hornet zombie (D:8)
  A necrophage (D:7)
  3 black bears
  5 ogres
  2 big kobolds (D:10)
  4 centaurs
  A crocodile (D:9)
  8 bullfrogs
  4 killer bees (D:9)
  3 wights (D:8)
  A howler monkey (D:6)
  5 crimson imps
  2 bullfrog zombies
  3 quasits (D:7)
  2 gnoll shamans
  A jelly (D:7)
  A centaur skeleton (D:9)
  An orc priest (D:8)
  5 hounds
  A bullfrog skeleton (D:8)
  2 iguanas
  Ijyb (D:2)
  6 orc wizards
  3 worker ants
  A killer bee zombie (D:9)
  12 gnolls
  9 adders
  2 oozes
  2 adder skeletons
  A worm (D:6)
  A dart slug (D:1)
  30 orcs
  6 giant cockroaches
  13 goblins
  9 hobgoblins
  8 jackals
  19 kobolds
  2 quokkas
  A ball python (D:3)
  5 bats
  4 frilled lizards
  3 rats
  2 plants
243 creatures vanquished.

Vanquished Creatures (others)
  A plant (D:10)
  2 withered plants (Ossuary)
3 creatures vanquished.

Grand Total: 246 creatures vanquished

Notes
Turn   | Place    | Note
-------+----------+-------------------------------------------
     0 | D:1      | Kloppie the Minotaur Fighter began the quest for the Orb.
     0 | D:1      | Reached XP level 1. HP: 19/19 MP: 0/0
   136 | D:1      | Reached XP level 2. HP: 27/27 MP: 1/1
   335 | D:1      | Reached XP level 3. HP: 34/34 MP: 2/2
   677 | D:2      | Noticed Sigmund
   682 | D:2      | Killed Sigmund
   682 | D:2      | Reached skill level 4 in Axes
   682 | D:2      | Reached XP level 4. HP: 36/45 MP: 3/3
   682 | D:2      | Reached XP level 5. HP: 41/51 MP: 4/4
   895 | D:2      | Noticed Ijyb
   913 | D:2      | Killed Ijyb
  1256 | D:3      | Noticed Kloppie's ghost (amateur MiFi)
  1365 | D:2      | Reached XP level 6. HP: 43/60 MP: 5/5
  1855 | D:3      | Reached skill level 5 in Axes
  2704 | D:4      | Reached skill level 6 in Axes
  2745 | D:4      | Found Ranisopni's Jewellery Shoppe.
  2753 | D:4      | Bought a cursed ring of loudness for 45 gold pieces
  3195 | D:5      | Entered Level 5 of the Dungeon
  3265 | D:5      | Reached XP level 7. HP: 66/66 MP: 6/6
  3308 | D:5      | Noticed Minion's ghost (amateur MiFi)
  3330 | D:5      | Found a sand-covered staircase.
  3335 | Ossuary  | Entered an ossuary
  3748 | D:6      | Reached skill level 7 in Axes
  4064 | D:6      | Reached skill level 8 in Axes
  4316 | D:7      | Reached XP level 8. HP: 59/74 MP: 7/7
  4558 | D:6      | Reached skill level 5 in Armour
  4913 | D:7      | Noticed a hippogriff
  4918 | D:7      | Killed a hippogriff
  4918 | D:7      | Reached skill level 9 in Axes
  5021 | D:7      | Found a staircase to the Ecumenical Temple.
  5057 | D:7      | Found an ancient bone altar of Kikubaaqudgha.
  5078 | D:7      | Found a deep blue altar of Sif Muna.
  5506 | Temple   | Entered the Ecumenical Temple
  5668 | D:7      | Became a worshipper of Kikubaaqudgha
  5706 | D:8      | Found a stormy altar of Qazlal.
  5706 | D:8      | Found a faded altar of an unknown god.
  5711 | D:8      | Found a radiant altar of Vehumet.
  5711 | D:8      | Noticed Erica
  5718 | D:8      | Killed Erica
  5718 | D:8      | Reached skill level 10 in Axes
  5718 | D:8      | Reached XP level 9. HP: 59/81 MP: 8/8
  5724 | D:8      | Found a faded altar of an unknown god.
  5726 | D:8      | Found a hazy altar of Hepliaklqana.
  5761 | D:8      | Reached skill level 1 in Dodging
  6117 | D:8      | Reached skill level 5 in Dodging
  6125 | D:8      | Found a sacrificial altar of Ru.
  6136 | D:8      | Reached skill level 11 in Axes
  6158 | D:8      | Reached * piety under Kikubaaqudgha
  6158 | D:8      | Identified Kikubaaqudgha's Disquisition on Unholy Rites (Kikubaaqudgha gifted it to you on level 8 of the Dungeon)
  6158 | D:8      | Received a gift from Kikubaaqudgha
  6172 | D:8      | Reached XP level 10. HP: 70/88 MP: 9/9
  6539 | D:9      | Noticed Erolcha
  6688 | D:9      | Killed Erolcha
  6688 | D:9      | Reached skill level 5 in Shields
  6994 | D:9      | Reached skill level 12 in Axes
  7184 | D:9      | Reached ** piety under Kikubaaqudgha
  7242 | D:9      | Identified a scroll of acquirement
  7243 | D:9      | Got a heavily runed hat
  7249 | D:9      | Identified the +2 hat "Baeclini" {-Cast +Fly Str+3 Dex+2} (You acquired it on level 9 of the Dungeon)
  7738 | D:10     | Entered Level 10 of the Dungeon
  7882 | D:10     | Noticed a manticore
  7887 | D:10     | Killed a manticore
  7887 | D:10     | Reached XP level 11. HP: 64/94 MP: 10/10
  7942 | D:10     | Noticed a hill giant
  7950 | D:10     | Killed a hill giant
  7950 | D:10     | Reached skill level 10 in Shields
  8158 | D:10     | Noticed a hill giant
  8164 | D:10     | Killed a hill giant
  8164 | D:10     | Reached skill level 13 in Axes
  8413 | D:10     | Found a staircase to the Lair.
  8463 | D:10     | Reached *** piety under Kikubaaqudgha
  8463 | D:10     | Identified Kikubaaqudgha's Reference Book on Evil Magic (Kikubaaqudgha gifted it to you on level 10 of the Dungeon)
  8463 | D:10     | Received a gift from Kikubaaqudgha
  8479 | Lair:1   | Entered Level 1 of the Lair of Beasts
  8614 | Lair:1   | Reached skill level 14 in Axes
  8635 | Lair:1   | Found a labyrinth entrance.
  8643 | Lab      | Entered a labyrinth
  8974 | Lab      | Noticed a minotaur
  8982 | Lab      | Killed a minotaur
  8985 | Lab      | Got a faintly glowing ring mail
  9001 | Lab      | Identified the +1 ring mail "Jyffergh" {*Contam rC+++ MP-9 SInv} (You found it in a labyrinth)
  9002 | Lab      | Got a jewelled dagger
  9002 | Lab      | Got a slimy robe
  9058 | Lair:1   | Gained mutation: Your flesh is heat resistant. (rF+) [mutagenic glow]
  9715 | Lair:2   | Noticed flsc's ghost (novice MiFi)
  9738 | Lair:2   | HP: 3/94 [poisoned by flsc's ghost]
  9739 | Lair:2   | HP: 1/94 [poisoned by flsc's ghost]
  9739 | Lair:2   | Slain by flsc's ghost

Skill      XL: |  1  2  3  4  5  6  7  8  9 10 11 |
---------------+----------------------------------+-----
Fighting       | 4 6 7 8 |  8.3
Axes           | 4 6 8 10 11 12 14 | 14.7
Armour         | 4 9 |  9.5
Dodging        | 6 |  6.2
Shields        | 9 10 | 10.2

Action                   |  1- 3 |  4- 6 |  7- 9 | 10-12 || total
-------------------------+-------+-------+-------+-------++-------
Melee: War axe           |    46 |   118 |   262 |   348 ||   774
       Headbutt          |    10 |    19 |    59 |    83 ||   171
  Use: Potion            |       |     7 |     2 |     2 ||    11
       Scroll            |       |     8 |     3 |     7 ||    18
  Eat: Chunk             |       |     8 |     4 |    12 ||    24
       Meat ration       |       |       |     1 |     1 ||     2
Armor: Scale mail        |    21 |    30 |    89 |    60 ||   200
Dodge: Dodged            |    19 |    30 |    74 |   116 ||   239
Block: Shield            |    24 |    60 |   145 |   175 ||   404
